 Dungeon Crawl Stone Soup version 0.30-a0-824-g6c64550be9 (webtiles) character file.

Game seed: 669598599457983884

1956 DrKenneth the Covered (level 8, -3/74 HPs)
             Began as a Minotaur Fighter on Feb 27, 2023.
             Succumbed to a gnoll's poison
             ... on level 5 of the Dungeon.
             The game lasted 00:10:27 (4632 turns).

DrKenneth the Covered (Minotaur Fighter)            Turns: 4632, Time: 00:10:27

Health: -3/74      AC: 11    Str: 24    XL:     8   Next: 99%
Magic:  7/7        EV:  9    Int:  5    God:
Gold:   376        SH:  5    Dex:  9    Spells: 7/7 levels left

rFire   . . .      SeeInvis .    a - +1 war axe
rCold   . . .      Faith    .    c - +0 buckler
rNeg    . . .      Spirit   .    b - +0 scale mail
rPois   .          Reflect  .    (helmet restricted)
rElec   .          Harm     .    i - +1 cloak
rCorr   .          Rampage  .    x - +0 pair of gloves
Will    .....                    (no boots) Stlth
                                 (no amulet)
HPRegen 0.32/turn                (no ring)
MPRegen 0.10/turn                (no ring)

@: lethally poisoned (-3 -> -35)
A: horns 2, retaliatory headbutt
a: no special abilities


You were on level 5 of the Dungeon.
You visited 1 branch of the dungeon, and saw 5 of its levels.

You collected 376 gold pieces.

Inventory:

Hand Weapons
 a - a +1 war axe (weapon)
Missiles
 u - 4 javelins (quivered)
Armour
 b - a +0 scale mail (worn)
 c - a +0 buckler (worn)
 i - a +1 cloak (worn)
 t - a +0 plate armour
 x - a +0 pair of gloves (worn)
Jewellery
 e - a ring of fire
 y - a ring of protection from fire
Scrolls
 f - 2 scrolls of enchant weapon
 h - 3 scrolls of teleportation {unknown}
 l - 2 scrolls of noise {unknown}
 m - 4 scrolls of immolation
 n - a scroll of fear {unknown}
 o - 2 scrolls of poison
 p - 2 scrolls of identify {unknown}
 r - a scroll of butterflies {unknown}
 s - 2 scrolls of blinking {unknown}
 A - 2 scrolls of vulnerability {unknown}
Potions
 g - a potion of lignification {unknown}
 j - a potion of cancellation {unknown}
 k - a potion of invisibility {unknown}
 q - 2 potions of heal wounds {unknown}
 v - a potion of mutation {unknown}
 w - a potion of resistance {unknown}
 z - a potion of curing


   Skills:
 + Level 7.9 Fighting
 + Level 7.4 Axes
 + Level 7.9 Armour
 + Level 7.9 Shields


You had 7 spell levels left.
You didn't know any spells.
Your spell library contained the following spells:

 Spells                   Type           Power      Damage    Failure   Level
 Beastly Appendage        Tmut           0%         N/A       82%         1
 Wereblood                Tmut           0%         N/A       91%         2
 Spider Form              Tmut/Pois      0%         N/A       99%         3
 Vhi's Electric Charge    Tloc/Air       0%         N/A       99%         3
 Arcjolt                  Conj/Air       0%         1d10      100%        5
 Yara's Violent Unravell  Hex/Tmut       0%         3d3       100%        5
 Enfeeble                 Hex            0%         N/A       100%        7
 Maxwell's Capacitive Co  Air            0%         ∞         100%        8


Dungeon Overview and Level Annotations

Branches:
Dungeon (5/15)
 Temple: D:4-7

Altars:
Cheibriados
Gozag
Sif Muna
Vehumet

Shops:
D:1 =   D:2 ?   D:3 :


Innate Abilities, Weirdness & Mutations

You have a pair of horns on your head.
You reflexively headbutt those who attack you in melee.


Message History

You feel very sick.
The gnoll bouda hits you but does no damage.
The gnoll hits you but does no damage. You block the gnoll's attack.
The gnoll bouda hits you with a +0 whip.
The gnoll hits you but does no damage. You block the gnoll's attack.
The gnoll hits you but does no damage.
You are more poisoned.
You hit the gnoll bouda.
The gnoll bouda is almost dead.
You feel very sick.
The gnoll bouda hits you but does no damage.
The gnoll bouda prays to its god.
The gnoll bouda is healed somewhat.
You block the gnoll's attack. The gnoll hits you but does no damage.
The gnoll hits you from afar with a +1 heavy spear.
You feel sick.
The gnoll is no longer moving quickly.
You block the gnoll bouda's attack.
You slash the gnoll bouda!
You kill the gnoll bouda!
You feel sick. The gnoll completely misses you.
It was a potion of curing.
You feel better. The gnoll hits you but does no damage.
The gnoll hits you from afar with a +2 halberd of venom.
* * * LOW HITPOINT WARNING * * *
You are poisoned.
The gnoll hits you with a +1 heavy spear.
* * * LOW HITPOINT WARNING * * *
You barely miss the gnoll. You headbutt the gnoll!
The gnoll is severely wounded.
You feel very sick.
The gnoll is no longer moving quickly.
The gnoll hits you but does no damage.
You are lethally poisoned!
The gnoll hits you with a +1 heavy spear.
* * * LOW HITPOINT WARNING * * *
The gnoll hits you from afar with a +2 halberd of venom!
* * * LOW HITPOINT WARNING * * *
You are more poisoned.
You slash the gnoll!
You kill the gnoll!
You die...

##..###.#..##.##..##.##########
##.....#..##'##..##......#
####.....#...#..##......#
#####.#...#..##......#
#.....#..##......# ....
###...#..##......# #......#
#...#..........# #......#
#...#...#......##### ## #......#
#..@)..##........... .# #......#
##)#...##......#####
.####......####g#g..##.#'########
.#......[.gg............)))......
##.........#.......###.#)########
##.........#.##.#..# #.#...#####
......####...##.#..###'###..§P§#
88P...# ##.####.#..#.....#.§.§§##
......# #..# #.#..#.....#.P§§§.#


You could see 2 gnolls.

Vanquished Creatures
  Pikel (D:5)
  An ice beast (D:5)
  2 ogres
  A phantom (D:5)
  2 lemures (D:5)
  2 water moccasin zombies (D:5)
  2 scorpions (D:5)
  2 water moccasin skeletons (D:5)
  2 bullfrog zombies (D:5)
  A centaur zombie (D:5)
  3 orc priests (D:3)
  A gnoll bouda (D:5)
  5 hounds (D:5)
  A bullfrog skeleton (D:5)
  2 iguanas (D:5)
  Natasha (thrice) (D:3)
  5 orc wizards
  A hound zombie (D:5)
  A hound skeleton (D:5)
  2 gnolls (D:5)
  6 adders
  A worm (D:5)
  3 dart slugs
  12 orcs
  7 ball pythons
  5 endoplasms
  A giant cockroach (D:2)
  6 goblins
  3 hobgoblins
  3 jackals (D:3)
  3 quokkas
  5 bats
  A frilled lizard (D:2)
  5 kobolds
  6 rats
107 creatures vanquished.

Vanquished Creatures (others)
  A withered plant (D:5)
1 creature vanquished.

Grand Total: 108 creatures vanquished

Notes
Turn   | Place    | Note
-------+----------+-------------------------------------------
     0 | D:1      | DrKenneth the Minotaur Fighter began the quest for the Orb.
     0 | D:1      | Reached XP level 1. HP: 19/19 MP: 0/0
   125 | D:1      | Reached XP level 2. HP: 26/27 MP: 1/1
   260 | D:1      | Found Anolet's One-of-a-Kind Rings.
   745 | D:1      | Reached XP level 3. HP: 32/33 MP: 2/2
  1391 | D:2      | Found Keel's Magic Scroll Boutique.
  1636 | D:3      | Reached XP level 4. HP: 40/40 MP: 3/3
  1835 | D:3      | Reached XP level 5. HP: 41/47 MP: 4/4
  2148 | D:3      | Noticed Natasha
  2154 | D:3      | Killed Natasha
  2155 | D:3      | Reached skill level 5 in Armour
  2158 | D:3      | Reached skill level 5 in Fighting
  2158 | D:3      | Reached skill level 5 in Shields
  2165 | D:3      | Reached XP level 6. HP: 43/56 MP: 5/5
  2240 | D:3      | Found Ivacopuywk's Book Boutique.
  2362 | D:3      | You fall into a shaft and drop 1 floor!
  2422 | D:3      | Noticed Natasha
  2426 | D:3      | Killed Natasha
  2633 | D:3      | Noticed Natasha
  2641 | D:3      | Killed Natasha
  2654 | D:4      | Found an opulent altar of Gozag.
  2964 | D:4      | Found a shimmering blue altar of Sif Muna.
  3066 | D:4      | Found a radiant altar of Vehumet.
  3353 | D:5      | Entered Level 5 of the Dungeon
  3416 | D:5      | Reached skill level 5 in Axes
  3416 | D:5      | Reached XP level 7. HP: 62/62 MP: 6/6
  3424 | D:5      | Noticed Pikel
  3799 | D:5      | Reached XP level 8. HP: 56/71 MP: 7/7
  3941 | D:5      | Killed Pikel
  4253 | D:5      | Found a snail-covered altar of Cheibriados.
  4632 | D:5      | Succumbed to a gnoll's poison

Illustrated notes

Levels and vault maps discovered:
D:1:      minmay_arrival_up_and_down, layout_loops_ring, corexii_hall_statues_i,
          grunt_decor_clamped, roderic_lattice_a, nicolae_shop_unique_rings
D:2:      layout_basic, serial_shops, nicolae_lakefront_shop,
          dreamdust_mushroom_princess, minmay_misc_feat_five
D:3:      layout_basic, serial_shops, shop, uniq_natasha
D:4:      layout_loops_ring, mainiacjoe_overflow_brackets,
          nicolae_overflow_squiral
D:5:      minmay_evil_eye, layout_basic, slow_altar_2, serial_undead,
          serial_undead_e, serial_undead_e, serial_undead_c, serial_undead_c,
          uniq_pikel

Skill      XL: |  1  2  3  4  5  6  7  8 |
---------------+-------------------------+-----
Armour         | 4 5 6 7 |  7.9
Shields        | 4 5 6 7 |  7.9
Fighting       | 4 5 6 7 |  7.9
Axes           | 3 4 5 6 7 |  7.4

Action                     |  1- 3 |  4- 6 |  7- 9 || total
---------------------------+-------+-------+-------++-------
  Melee: War axe           |    92 |   100 |   118 ||   310
         Headbutt          |    10 |    20 |    17 ||    47
    Use: Scroll            |       |     3 |       ||     3
         Potion            |       |       |     2 ||     2
 Armour: Scale mail        |    54 |    43 |    83 ||   180
  Dodge: Dodged            |    38 |    36 |    64 ||   138
  Block: Buckler           |    25 |    18 |    44 ||    87

Table legend: (Time is in decaauts)
 A = Elapsed time spent in this place.
 B = Non-inter-level travel time spent in this place.
 C = Inter-level travel time spent in this place.
 D = Time resting spent in this place.
 E = Time spent auto-exploring this place.
 F = Levels seen in this place.
 G = Mean time per level.
                   A        B        C        D        E       F      G
               +--------+--------+--------+--------+--------+-----+--------+
         Total |   4756 |   4590 |    166 |    447 |   3216 |   5 |  951.2 |
       Dungeon |   4756 |   4590 |    166 |    447 |   3216 |   5 |  951.2 |
               +--------+--------+--------+--------+--------+-----+--------+

Top non-repeatable levels by time:
     D:5: 1279 daAuts
     D:1: 1051 daAuts
     D:3: 1000 daAuts
     D:4: 806 daAuts
     D:2: 619 daAuts
